 Dungeon Crawl Stone Soup version 0.30-a0-359-gd0147acb1a (webtiles) character file.

Game seed: 10437759814841779984

562 ytrimaz the Covered (level 7, -8/52 HPs)
             Began as a Formicid Fighter on Nov 11, 2022.
             Was an Initiate of Okawaru.
             Mangled by an ogre
             ... wielding a +0 giant club
              (24 damage)
             ... on level 4 of the Dungeon.
             The game lasted 00:04:20 (3751 turns).

ytrimaz the Covered (Formicid Fighter)              Turns: 3751, Time: 00:04:20

Health: -8/52      AC: 13    Str: 21    XL:     7   Next: 57%
Magic:  7/7        EV:  6    Int:  7    God:    Okawaru [......]
Gold:   173        SH:  0    Dex: 15    Spells: 6/6 levels left

rFire   . . .      SeeInvis +    g - +6 long sword of Guile {protect, rElec}
rCold   . . .      Faith    .    c - +0 buckler
rNeg    . . .      Spirit   .    e - +0 plate armour
rPois   .          Reflect  .    (helmet unavailable)
rElec   +          Harm     .    (no cloak)
rCorr   .          Rampage  .    (no gloves)
Will    .....                    (no boots)
Stlth   ..........               (no amulet)
HPRegen 0.28/turn                (no ring)
MPRegen 0.10/turn                (no ring)

@: confused, ambrosia-drunk, very slow
A: permanent stasis, dig shafts and tunnels, antennae 3, four strong arms
a: Dig, Shaft Self, Renounce Religion


You were on level 4 of the Dungeon.
You worshipped Okawaru.
Okawaru was noncommittal.
You visited 2 branches of the dungeon, and saw 5 of its levels.

You collected 173 gold pieces.


Innate Abilities, Weirdness & Mutations

You cannot be hasted, slowed, berserked, paralysed or teleported.
You can dig through walls and to a lower floor.
You have a pair of large antennae on your head. (SInv)
Your four strong arms can wield two-handed weapons with a shield.


   Skills:
 - Level 3.2 Fighting
 + Level 5.6 Long Blades
 + Level 6.7 Armour
 - Level 4.0 Shields


You had 6 spell levels left.
You didn't know any spells.
Your spell library contained the following spells:

 Spells                   Type           Power      Damage    Failure   Level
 Slow                     Hex            0%         N/A       100%        1
 Confusing Touch          Hex            0%         N/A       100%        3
 Vampiric Draining        Necr           0%         2d6       100%        3

Inventory:

Hand Weapons
 g - the +6 long sword of Guile (weapon) {protect, rElec}
   (You took it off an orc on level 4 of the Dungeon)

   It grants its wielder temporary protection when it strikes (+7 to AC).
   rElec:     It insulates you from electricity.
Missiles
 k - 6 javelins
Armour
 c - a +0 buckler (worn)
 e - a +0 plate armour (worn)
   (You found it on level 1 of the Dungeon)
Scrolls
 d - a scroll of identify
 f - a scroll of enchant armour {unknown}
Potions
 b - a potion of mutation {unknown}
 i - a potion of berserk rage {unknown}
 j - a potion of ambrosia
 l - a potion of attraction {unknown}

Dungeon Overview and Level Annotations

Branches:
Dungeon (4/15) Zot: 20345  Temple (1/1) D:4 Zot: 5808

Altars:
Ashenzari
Cheibriados
Dithmenos
Gozag
Kikubaaqudgha
Makhleb
Nemelex Xobeh
Okawaru
Qazlal
Ru
Sif Muna
Trog
Uskayaw
Vehumet
Wu Jian
Xom
Zin
The Shining One

Shops:
D:1 (   D:2 ( D:3

: #.~≈~....# ##.... {#.~≈~....#
.'.... { #.~≈~....# #....
{###≈~P...#
#####''''#############{..#≈~....#
.....................#oo.#≈≈....#
≈~~~~....~~~~~o~~~~~~#####≈~....#
≈~≈≈~..g.≈≈≈≈≈≈≈≈≈≈≈≈≈≈≈≈≈≈≈....#
~~~~~....~~~~o≈≈@~~≈~~~~~~~~....#
........)...gooO................#
.............go#######....###....
.#...####....### ###.#.#...#.#
##...# #....# #...<<..###.#
.#...# #....# #.#.##.## #.#
.....####.<#.### ##.#.##..# #.#
##...##...##...# ##..#.###.# #.#
##.......#####.# #..##.# #.###..


You could see an ogre, 2 gnolls and 5 orcs.


Message History

An orc comes into view. It is wielding a +0 vampiric trident.
You block the gnoll's attack.
You barely miss the gnoll.
The orc shouts!
The orc hits you with a +0 dagger. The orc hits you but does no damage.
You block the gnoll's attack. The orc hits you with a +0 mace.
The orc hits you but does no damage. 😕 HP[-4]
You take 4 damage, and now have 44/52 hp.
The gnoll shouts!
You slash the gnoll!
Your weapon exudes an aura of protection.
The orc hits you but does no damage. The gnoll hits you but does no damage.
The orc hits you but does no damage. You block the orc's attack.
You slash the gnoll!
You kill the gnoll!
Okawaru accepts your kill. The orc completely misses you.
The orc hits you but does no damage. x2
The orc completely misses you.
You barely miss the gnoll. The gnoll hits you but does no damage.
The orc hits you with a +0 mace. You block the orc's attack.
The orc hits you but does no damage.
You hit the gnoll. The gnoll closely misses you.
The orc throws a boomerang.
The boomerang hits you but does no damage.
The orc barely misses you. You block the orc's attack.
The orc barely misses you. The gnoll hits you but does no damage.
You slash the gnoll!
You kill the gnoll!
Okawaru accepts your kill. You block the orc's attack.
The orc barely misses you. The orc hits you but does no damage. x2
Your unstable footing causes you to fumble your attack.
An orc comes into view. It is wielding a +0 falchion.
The orc hits you but does no damage. x3; The ogre barely misses you.
The orc hits you with a +0 mace. 😕 HP[-1]
You take 1 damage, and now have 43/52 hp.
Your unstable footing causes you to fumble your attack.
The orc shouts!
The orc hits you but does no damage.
The orc throws a boomerang.
The boomerang hits you but does no damage.
The orc hits you but does no damage.
A gnoll comes into view. It is wielding a +0 club.
The orc hits you but does no damage.
The ogre hits you with a +0 giant club!!
* * * LOW HITPOINT WARNING * * *
The orc hits you but does no damage.
The orc throws a boomerang.
The boomerang hits you but does no damage.
You are too injured to fight recklessly!
You are too injured to fight recklessly!
You are too injured to fight recklessly! 😨 HP[-20]
You take 20 damage, and now have 23/52 hp.
MASSIVE DAMAGE!! (PAUSE)
The orc attacks as you move away! The orc barely misses you.
The gnoll shouts!
You block the orc's attack. The orc hits you but does no damage.
The orc attacks as you move away! The orc barely misses you.
The orc attacks as you move away! The orc hits you but does no damage.
The orc closely misses you.
The orc hits you but does no damage. 😨 HP[+1]
The orc attacks as you move away! The orc hits you with a +0 hand axe.
* * * LOW HITPOINT WARNING * * *
The orc attacks as you move away! You block the orc's attack. 😨 HP[-2]
You take 2 damage, and now have 22/52 hp.
The orc attacks as you move away! The orc hits you but does no damage.
The ogre attacks as you move away! The ogre hits you with a +0 giant club!
* * * LOW HITPOINT WARNING * * *
The orc attacks as you move away!
The orc hits you but does no damage. 😱 HP[-9]
You take 9 damage, and now have 13/52 hp.
You are confused.
You feel invigorated.
The orc throws a boomerang.
The boomerang barely misses you. The ogre hits you with a +0 giant club!
* * * LOW HITPOINT WARNING * * *
😱 HP[-4]
You take 4 damage, and now have 9/52 hp.
You slash the ogre!
Your weapon exudes an aura of protection. 😨 HP[+5]
You regained 5 hp, and now have 14/52 hp.
You enter the shallow water.
Moving in this stuff is going to be slow.
The ogre hits you with a +0 giant club!
* * * LOW HITPOINT WARNING * * *
The orc throws a boomerang.
The boomerang hits you but does no damage. 😱 HP[-10]
You take 10 damage, and now have 4/52 hp.
Unknown command.
Your unstable footing causes you to fumble your attack.
The ogre barely misses you. The orc barely misses you. 😱 HP[+6]
You regained 6 hp, and now have 10/52 hp.
Unknown command.
You nearly stumble into some deep water!
The orc throws a boomerang.
The boomerang barely misses you.
The ogre hits you with a +0 giant club!!
You die...

Skill      XL: |  1  2  3  4  5  6 |
---------------+-------------------+-----
Armour         | 4 5 6 |  6.7
Long Blades    | 3 4 5 |  5.6
Fighting       | |  3.2
Shields        | |  4.0

Action                   |  1- 3 |  4- 6 |  7- 9 || total
-------------------------+-------+-------+-------++-------
Melee: Long sword        |    69 |   239 |    59 ||   367
 Abil: Dig               |       |       |     1 ||     1
  Use: Scroll            |     3 |     4 |       ||     7
       Potion            |       |     1 |     4 ||     5
Armor: Plate armour      |    39 |   235 |    46 ||   320
       Skin              |       |       |     1 ||     1
Dodge: Dodged            |    16 |   104 |    25 ||   145
Block: Buckler           |    12 |    90 |    16 ||   118

Levels and vault maps discovered:
D:1:      minmay_arrival_split_and_join, layout_loops_ring, serial_shops,
          nicolae_shop_bloodbath_and_beyond
D:2:      layout_basic, serial_shops, shop, st_stairs_7,
          minmay_misc_feat_columns, uniq_robin, uniq_natasha
D:3:      layout_rooms, nemelex_dance_club_becter, serial_shops,
          nicolae_shop_statue_plus, minmay_misc_feat_chi, minmay_misc_feat_room
D:4:      lemuel_castle_with_subvaults [lemuel_castle_interior_original],
          layout_rooms, minmay_temple_entry_glassed_door, uniq_duvessa
Temple:   mainiacjoe_temple_bowtie_tessellation

Notes
Turn   | Place    | Note
-------+----------+-------------------------------------------
     0 | D:1      | ytrimaz the Formicid Fighter began the quest for the Orb.
     0 | D:1      | Reached XP level 1. HP: 18/18 MP: 1/1
     0 | D:1      | magus.rc [v1.9.6]
    74 | D:1      | Reached XP level 2. HP: 24/24 MP: 2/2
   321 | D:1      | Found Jeuddec's Weapon Boutique.
   333 | D:1      | Reached XP level 3. HP: 27/29 MP: 3/3
   544 | D:1      | Reached skill level 4 in Armour
  1045 | D:2      | Reached skill level 3 in Long Blades
  1097 | D:2      | Noticed Natasha
  1102 | D:2      | Reached XP level 4. HP: 26/34 MP: 4/4
  1107 | D:2      | Killed Natasha
  1264 | D:2      | Noticed Natasha
  1274 | D:2      | Killed Natasha
  1275 | D:2      | Reached XP level 5. HP: 32/41 MP: 5/5
  1313 | D:2      | Found Ebbabl Isuj's Weapon Shoppe.
  1461 | D:2      | Noticed Robin
  1497 | D:2      | Killed Robin
  1498 | D:2      | Reached skill level 5 in Armour
  1671 | D:2      | Noticed Natasha
  1680 | D:2      | Killed Natasha
  1681 | D:2      | Reached skill level 4 in Long Blades
  1796 | D:3      | Identified the +9 mace of the Unspeakable One {antimagic,
                  | Will+ rCorr Int-5}
  1970 | D:3      | You pick up a book of Debilitation and begin reading...
  1970 | D:3      | You add the spells Slow, Vampiric Draining and Confusing
                  | Touch to your library.
  1971 | D:3      | Found Hymayky's Book Emporium.
  2208 | D:3      | Found a sparkling altar of Nemelex Xobeh.
  2216 | D:3      | Reached XP level 6. HP: 47/47 MP: 6/6
  2810 | D:4      | Noticed Duvessa
  2811 | D:4      | Noticed Dowan
  2823 | D:4      | Killed Duvessa
  2824 | D:4      | Reached skill level 5 in Long Blades
  2824 | D:4      | Reached skill level 6 in Armour
  2824 | D:4      | Reached XP level 7. HP: 46/52 MP: 7/7
  2826 | D:4      | HP: 7/52 [Dowan/shard of ice (18)]
  2832 | D:4      | Killed Dowan
  3107 | D:4      | HP: 12/52 [orc/+0 mace (5)]
  3280 | D:4      | Found a staircase to the Ecumenical Temple.
  3297 | D:4      | Identified the +6 long sword of Guile {protect, rElec}
  3449 | Temple   | Entered the Ecumenical Temple
  3630 | Temple   | Became a worshipper of Warmaster Okawaru
  3744 | D:4      | HP: 12/52 [ogre/+0 giant club (10)]
  3749 | D:4      | HP: 4/52 [ogre/+0 giant club (13)]
  3751 | D:4      | Mangled by an ogre

Vanquished Creatures
  Duvessa (D:4)
  Dowan (D:4)
  A howler monkey (D:4)
  A hound (D:4)
  A gnoll bouda (D:4)
  Natasha (thrice) (D:2)
  Robin (D:2)
  3 adders
  7 gnolls (D:4)
  A worm (D:4)
  3 dart slugs
  14 orcs
  3 ball pythons
  4 bats
  10 endoplasms
  2 giant cockroaches
  14 goblins
  11 hobgoblins
  12 jackals (D:4)
  4 kobolds
  3 quokkas (D:1)
  5 frilled lizards
  8 rats
113 creatures vanquished.

Vanquished Creatures (others)
  A fungus (D:4)
  2 plants (D:4)
3 creatures vanquished.

Grand Total: 116 creatures vanquished

Table legend:
 A = Non-vault XP
 B = Vault XP
 C = Vault XP percentage of total XP
 D = Non-vault monster count
 E = Vault monster count
 F = Vault count percentage of total count
                 A         B        C        D         E       F
            +---------+---------+-------+---------+---------+-------
      Total |     317 |     486 |  60.5 |      70 |      43 |  38.1
            +---------+---------+-------+---------+---------+-------
        D:1 |      47 |       0 |   0.0 |      24 |       0 |   0.0
        D:2 |     105 |      75 |  41.7 |      16 |      15 |  48.4
        D:3 |      44 |       5 |  10.2 |      15 |       2 |  11.8
        D:4 |     121 |     406 |  77.0 |      15 |      26 |  63.4
            +---------+---------+-------+---------+---------+-------

Illustrated notes

Table legend:
 A = Kills in this place as a percentage of kills in entire the game.
 B = Kills by you in this place as a percentage of kills by you in the entire game.
 C = Kills by friends in this place as a percentage of kills by friends in the entire game.
 D = Other kills in this place as a percentage of other kills in the entire game.
 E = Experience gained in this place as a percentage of experience gained in the entire game.
 F = Experience gained in this place divided by the number of levels of this place that you have seen.
                   A       B       C       D       E      F
               +-------+-------+-------+-------+-------+----------------------
         Total | 100.0 | 100.0 |   N/A |   N/A | 100.0 | 160.6
       Dungeon | 100.0 | 100.0 |   N/A |   N/A | 100.0 | 200.8
               +-------+-------+-------+-------+-------+----------------------

Table legend: (Time is in decaauts)
 A = Elapsed time spent in this place.
 B = Non-inter-level travel time spent in this place.
 C = Inter-level travel time spent in this place.
 D = Time resting spent in this place.
 E = Time spent auto-exploring this place.
 F = Levels seen in this place.
 G = Mean time per level.
                   A        B        C        D        E       F      G
               +--------+--------+--------+--------+--------+-----+--------+
         Total |   3844 |   3737 |    107 |    121 |   2696 |   5 |  768.8 |
       Dungeon |   3653 |   3560 |     93 |    121 |   2532 |   4 |  913.2 |
        Temple |    191 |    177 |     14 |      0 |    164 |   1 |  191.0 |
               +--------+--------+--------+--------+--------+-----+--------+

Top non-repeatable levels by time:
     D:4: 1301 daAuts
     D:2: 924 daAuts
     D:1: 907 daAuts
     D:3: 520 daAuts
  Temple: 191 daAuts
